 Dungeon Crawl Stone Soup version 0.23-a0-313-gf30bb39 (webtiles) character file.

2160 OneWhoSleeps the Spear-Bearer (level 9, -10/69 HPs)
             Began as a Merfolk Berserker on Oct 12, 2018.
             Was an Elder of Trog.
             Mangled by an orc warrior
             ... wielding a +0 halberd
              (18 damage)
             ... on level 7 of the Dungeon on Oct 14, 2018.
             The game lasted 01:35:58 (8111 turns).

OneWhoSleeps the Spear-Bearer (Merfolk Berserker)   Turns: 8111, Time: 01:35:59

Health: -10/69     AC: 10    Str: 20    XL:     9   Next: 31%
Magic:  9/9        EV: 13    Int:  6    God:    Trog [****..]
Gold:   381        SH:  0    Dex: 14    Spells: 8/8 levels left

rFire    + . .     SeeInvis .   w - +2 flail (protect)
rCold    . . .     Gourm    .   (no shield)
rNeg     + . .     Faith    .   s - +3 scale mail {rF+}
rPois    .         Spirit   .   (no helmet)
rElec    .         Reflect  .   (no cloak)
rCorr    +         Harm     .   (no gloves)
MR       .....                  (no boots)
Stlth    +.........             (no amulet)
HPRegen  0.21/turn              g - ring of resist corrosion
MPRegen  0.11/turn              d - ring of positive energy

@: no status effects
A: change form in water, swift swim, stealthy swim
a: Berserk, Trog's Hand, Brothers in Arms, Renounce Religion


You were on level 7 of the Dungeon.
You worshipped Trog.
Trog was greatly pleased with you.
You were not hungry.

You visited 2 branches of the dungeon, and saw 8 of its levels.

You collected 381 gold pieces.

Inventory:

Hand Weapons
 e - a +1 dagger of holy wrath
 i - a +0 spear
 m - a +0 dagger of venom
 p - a +0 shortbow
 t - a +2 flail of pain
 w - a +2 flail of protection (weapon)
 C - a +0 long sword
Missiles
 h - 45 bolts
 l - 64 arrows
 y - 6 curare-tipped needles (quivered)
 G - a throwing net
Armour
 b - a +0 animal skin
 f - a +2 scale mail of fire resistance
 s - a +3 scale mail of fire resistance (worn)
 B - a cursed +0 robe
Jewellery
 d - a ring of positive energy (right hand)
 g - a ring of resist corrosion (left hand)
 q - an uncursed ring of protection from fire
Wands
 E - a wand of paralysis (8)
 F - a wand of iceblast (2)
Scrolls
 a - a scroll of fear
 k - 3 scrolls of fog
 n - 3 scrolls of remove curse
 o - 3 scrolls of immolation
 r - 2 scrolls of identify
 u - a scroll of blinking
Potions
 j - 4 potions of lignification
 v - a potion of brilliance
 x - 2 potions of might
 A - a potion of resistance
 D - a potion of cancellation {unknown}
Comestibles
 c - 11 rations


   Skills:
 + Level 6.0 Fighting
 + Level 2.2 Maces & Flails
 + Level 10.8 Polearms
 + Level 4.7 Armour
 + Level 6.7 Dodging
 + Level 2.0 Stealth
 + Level 0.7 Evocations


You had 8 spell levels left.
You didn't know any spells.
Your spell library contained the following spells:

 Spells                   Type           Power        Failure   Level  Hunger
 Sandblast                Erth           #.....       80%         1    ##.....
 Sting                    Conj/Pois      #...         80%         1    ##.....
 Passwall                 Tmut/Erth      #.......     90%         2    ###....
 Poisonous Vapours        Pois/Air       #.....       90%         2    ###....
 Mephitic Cloud           Conj/Pois/Air  #.......     99%         3    ####...
 Stone Arrow              Conj/Erth      #.....       99%         3    ####...
 Olgreb's Toxic Radiance  Pois           #.......     100%        4    #####..
 Petrify                  Tmut/Erth      #.......     100%        4    #####..
 Lee's Rapid Deconstruct  Erth           #.........   100%        5    ######.
 Venom Bolt               Conj/Pois      #.........   100%        5    ######.


Dungeon Overview and Level Annotations

Branches:
Dungeon (7/15)             Temple (1/1) D:4

Altars:
Ashenzari
Cheibriados
Dithmenos
Elyvilon
Fedhas
Gozag
Hepliaklqana
Kikubaaqudgha
Makhleb
Nemelex Xobeh
Okawaru
Qazlal
Ru
Sif Muna
Trog
Uskayaw
Vehumet
Wu Jian
Xom
Yredelemnul
Zin
The Shining One


Message History

The orc priest barely misses you.
You barely miss the orc warrior.
The orc warrior is heavily wounded.
The orc warrior hits you with a halberd.
The orc priest barely misses you.
The orc warrior hits you from afar with a halberd.
You barely miss the orc priest.
The orc priest hits you but does no damage.
The orc warrior hits you from afar with a halberd!
* * * LOW HITPOINT WARNING * * *
The orc wizard casts a spell.
The orc wizard blinks!
Quiver which item? (- for none, * to show all) (? for menu, Esc to quit)
Okay, then.
You feel better.
The orc priest calls down the wrath of Beogh upon you.
Pain shoots through your body!
* * * LOW HITPOINT WARNING * * *
The orc warrior hits you from afar with a halberd!!
You die...

,,,,,,* ####.##.####...# #...>.
,,,,,,* #.##.####...####.##.#
,,,,,,* #.##.............##.#
,,,,,,* #...................#
,,,,,,* #..##............####
,,,,,,**#####..######...####.####
,,,,,,,,......#.* #...# #..<..
**********##..o######...#########
* #o.oo@.....>...# ## *****
#.#####..##.##.# #. ,,,,***#**
#.*####..##.##.# #.
***,**,..**#.*#........##.# #.
***,*,,...##.*#.##..#####.######.
,,,,,,,,.....##.##..####.........
***,*,,,,,*#..............#####..
***,**,,,###........†.....# #..
,,,,*****#.........)).....# #.#


You could see an orc warrior, an orc priest, an orc wizard and an orc.

Vanquished Creatures
  A water moccasin (D:5)
  A hornet zombie (D:5)
  A necrophage (D:6)
  An ice beast (D:5)
  5 ogres
  A centaur (D:5)
  A big kobold (D:7)
  A bullfrog (D:6)
  A scorpion (D:6)
  3 howler monkeys (D:4)
  2 crimson imps
  2 bullfrog zombies (D:5)
  3 orc priests
  2 jellies
  5 orc wizards
  2 bullfrog skeletons
  3 hounds
  Ijyb (D:2)
  Jessica (D:3)
  2 iguanas (D:4)
  3 worker ants
  A hound zombie (D:5)
  A worker ant zombie (D:5)
  6 adders
  2 shadow imps
  2 oozes (D:1)
  6 adder skeletons
  A worm (D:2)
  4 dart slugs
  2 leopard geckos (D:4)
  21 orcs
  2 ball pythons (D:2)
  9 bats
  7 giant cockroaches
  15 goblins
  3 hobgoblins
  10 jackals
  8 kobolds
  A quokka (D:5)
  4 frilled lizards
  A giant cockroach zombie (D:5)
  A leopard gecko skeleton (D:4)
  A leopard gecko zombie (D:6)
  A quokka skeleton (D:6)
  4 rats
155 creatures vanquished.

Notes
Turn   | Place    | Note
-------+----------+-------------------------------------------
     0 | D:1      | OneWhoSleeps the Merfolk Berserker began the quest for the
                  | Orb.
     0 | D:1      | Reached XP level 1. HP: 18/18 MP: 1/1
    33 | D:1      | Reached XP level 2. HP: 22/24 MP: 2/2
   529 | D:1      | Reached XP level 3. HP: 30/30 MP: 3/3
   545 | D:1      | Reached skill level 5 in Polearms
  1328 | D:2      | Reached XP level 4. HP: 29/37 MP: 4/4
  1532 | D:2      | Reached ** piety under Trog
  1850 | D:2      | Upgraded the game from 0.23-a0-309-ge7838e6 to
                  | 0.23-a0-313-gf30bb39
  1998 | D:2      | Reached skill level 1 in Stealth
  2274 | D:3      | Noticed Ijyb
  2357 | D:2      | Killed Ijyb
  2816 | D:3      | Noticed an ogre
  2838 | D:3      | HP: 1/37 [ogre/giant club (20)]
  2851 | D:3      | HP: 1/37 [goblin (1)]
  2859 | D:2      | Reached XP level 5. HP: 2/42 MP: 5/5
  3373 | D:3      | Killed an ogre
  3373 | D:3      | Reached skill level 6 in Polearms
  3582 | D:3      | Noticed Jessica
  3585 | D:3      | Killed Jessica
  3585 | D:3      | Reached XP level 6. HP: 49/49 MP: 6/6
  3618 | D:4      | Found a shadowy altar of Dithmenos.
  3647 | D:4      | Reached skill level 7 in Polearms
  3868 | D:5      | Entered Level 5 of the Dungeon
  3871 | D:5      | You fall through a shaft!
  4179 | D:6      | Reached XP level 7. HP: 35/55 MP: 7/7
  4366 | D:6      | Reached skill level 5 in Dodging
  4548 | D:6      | Reached *** piety under Trog
  4562 | D:6      | Reached skill level 8 in Polearms
  5171 | D:5      | Reached XP level 8. HP: 30/61 MP: 8/8
  5329 | D:5      | Reached skill level 5 in Fighting
  5344 | D:5      | Reached skill level 9 in Polearms
  5902 | D:5      | Reached skill level 10 in Polearms
  6315 | D:5      | Found a shattered altar of Ashenzari.
  6450 | D:5      | Reached XP level 9. HP: 69/69 MP: 9/9
  6734 | D:4      | Reached **** piety under Trog
  6762 | D:4      | Reached skill level 1 in Maces & Flails
  7128 | D:4      | Found a staircase to the Ecumenical Temple.
  7134 | Temple   | Entered the Ecumenical Temple
  7748 | D:7      | Found a hazy altar of Hepliaklqana.
  8111 | D:7      | Mangled by an orc warrior

Vault maps used:
D:1:      minmay_arrival_five_plusses, serial_bayou_pond_d
D:3:      minmay_ogre_servants, uniq_ijyb, uniq_jessica
D:4:      first_ration, nicolae_dithmenos_shadow_blocks
D:5:      serial_park, serial_park_square3, serial_park_tiny_1,
          serial_park_square1, serial_park_tiny_1, serial_park_gazebo,
          serial_park_tiny_pond
D:7:      lemuel_doored_altar, the_bakery, david_defended_altar_orc
Temple:   nicolae_temple_the_god_donut

Skill      XL: |  1  2  3  4  5  6  7  8  9 |
---------------+----------------------------+-----
Dodging        | 3 4 5 6 |  6.7
Polearms       | 5 6 7 8 10 | 10.8
Fighting       | 4 5 6 |  6.0
Stealth        | 1 2 |  2.0
Armour         | 2 3 4 |  4.7
Maces & Flails | 2 |  2.2
Evocations     | |  0.7

Action                   |  1- 3 |  4- 6 |  7- 9 || total
-------------------------+-------+-------+-------++-------
Melee: Spear             |   127 |   247 |   314 ||   688
       Dagger            |       |     4 |     5 ||     9
       Flail             |       |       |   157 ||   157
Invok: Berserk           |     2 |     5 |     4 ||    11
       Trog's Hand       |       |     1 |     1 ||     2
Evoke: Wand              |       |     2 |     6 ||     8
  Use: Scroll            |       |     9 |     6 ||    15
       Potion            |       |     3 |     3 ||     6
  Eat: Chunk             |     2 |     4 |     2 ||     8
       Ration            |       |     3 |     5 ||     8
Armor: Animal skin       |    21 |     5 |       ||    26
       Scale mail        |       |    47 |   184 ||   231
Dodge: Dodged            |    85 |   121 |   276 ||   482

Table legend:
 A = Non-vault XP
 B = Vault XP
 C = Vault XP percentage of total XP
 D = Non-vault monster count
 E = Vault monster count
 F = Vault count percentage of total count
                 A         B        C        D         E       F
            +---------+---------+-------+---------+---------+-------
      Total |    2554 |     532 |  17.2 |     134 |      21 |  13.5
            +---------+---------+-------+---------+---------+-------
        D:1 |      62 |       0 |   0.0 |      28 |       0 |   0.0
        D:2 |      56 |      40 |  41.7 |      22 |       2 |   8.3
        D:3 |       4 |     166 |  97.6 |       3 |       9 |  75.0
        D:4 |     603 |       0 |   0.0 |      31 |       0 |   0.0
        D:5 |    1008 |     326 |  24.4 |      26 |      10 |  27.8
        D:6 |     526 |       0 |   0.0 |      14 |       0 |   0.0
        D:7 |     295 |       0 |   0.0 |      10 |       0 |   0.0
            +---------+---------+-------+---------+---------+-------
